 Dungeon Crawl Stone Soup version 0.23.0 (webtiles) character file.

Game seed: 3030306094871825711

35006 tidbits the Martial Artist (level 13, 84/100 HPs)
             Began as a Gnoll Transmuter on Feb 14, 2019.
             Was a High Priest of Cheibriados.
             Quit the game on level 1 of the Snake Pit.
             The game lasted 00:59:03 (4139 turns).

tidbits the Martial Artist (Gnoll Transmuter)       Turns: 4139, Time: 00:59:04

Health: 84/100     AC: 16    Str: 34    XL:     13   Next: 81%
Magic:  26/26      EV: 23    Int: 32    God:    Cheibriados [*****.]
Gold:   399        SH:  0    Dex: 31    Spells: 11/31 levels left

rFire    . . .     SeeInvis .   X - +4 glaive of Conflict {freeze, Fragile rN+++ Str+8 Int-2}
rCold    . . .     Gourm    .   (shield currently unavailable)
rNeg     + + +     Faith    .   P - +3 troll leather armour {Snorg}
rPois    .         Spirit   .   E - +2 helmet
rElec    .         Reflect  .   C - +1 cloak
rCorr    .         Harm     .   (no gloves)
MR       +....                  F - +0 pair of boots
Stlth    +++++.....             y - amulet of magic regeneration
HPRegen  1.06/turn              N - ring of protection from magic
MPRegen  0.45/turn              H - +1 ring of slaying

@: very slow
A: distributed training, fangs 1, regeneration 1, shaggy fur 1, strong nose
a: Bend Time, Temporal Distortion, Slouch, Step From Time, Renounce Religion


You were on level 1 of the Snake Pit.
You worshipped Cheibriados.
Cheibriados was extremely pleased with you.
You were not hungry.

You visited 4 branches of the dungeon, and saw 17 of its levels.
You also visited: Ossuary.

You collected 399 gold pieces.

Inventory:

Hand Weapons
 c - a +0 shortbow
 n - the +5 great sword of Tooxtizia {slice, Dex+4}
   (You found it on level 6 of the Lair of Beasts)

   It inflicts extra damage upon your enemies.
   It affects your dexterity (+4).
 D - a +0 morningstar
 I - a +0 battleaxe of electrocution
   (You took it off a wight on level 8 of the Dungeon)
 J - a +3 halberd
 R - a +7 blowgun
 S - a +0 dagger of distortion
   (You took it off Sonja on level 4 of the Lair of Beasts)
 X - the +4 glaive of Conflict (weapon) {freeze, Fragile rN+++ Str+8 Int-2}
   (You found it on level 5 of the Lair of Beasts)

   It has been specially enchanted to freeze those struck by it, causing extra
   injury to most foes and up to half again as much damage against particularly
   susceptible opponents.
   It can also slow down cold-blooded creatures.
   It affects your strength (+8).
   It affects your intelligence (-2).
   It renders you almost immune to negative energy.
   It will be destroyed if unequipped.
Missiles
 q - 3 javelins of penetration
 G - 5 tomahawks
 M - 2 steel javelins (quivered)
 Q - 9 curare-tipped needles
Armour
 k - the +0 pair of gloves "Romut" {rF- MR+ Int-4 Dex+7}
   (You found it on level 4 of the Dungeon)

   It affects your intelligence (-4).
   It affects your dexterity (+7).
   It makes you vulnerable to fire.
   It affects your resistance to hostile enchantments.
 m - a +0 shield
 o - a +0 ring mail
 B - the +1 acid dragon scales of the Elven Halls {rElec rCorr Str+4}
   (You found it on level 3 of the Lair of Beasts)

   It affects your strength (+4).
   It insulates you from electricity.
   It provides partial protection from all sources of acid and corrosion.
 C - a +1 cloak (worn)
 E - a +2 helmet (worn)
 F - a +0 pair of boots (worn)
 L - a +0 troll leather armour
 P - a +3 troll leather armour (worn) {Snorg}
Magical Staves
 w - an uncursed staff of fire {unknown}
   (You found it on level 3 of the Lair of Beasts)
Jewellery
 y - an amulet of magic regeneration (around neck)
   (You found it on level 7 of the Dungeon)
 H - a +1 ring of slaying (right hand)
   (You found it on level 1 of the Snake Pit)
 K - an uncursed amulet of the acrobat {unknown}
   (You found it on level 8 of the Dungeon)
 N - a ring of protection from magic (left hand)
   (You found it on level 6 of the Dungeon)
 T - an uncursed ring of positive energy
   (You found it on level 4 of the Lair of Beasts)
 Z - an uncursed ring of protection from magic
   (You found it on level 6 of the Lair of Beasts)
Wands
 i - a wand of flame (17)
 p - a wand of paralysis (4)
 x - a wand of digging (7)
Scrolls
 j - 4 scrolls of immolation {!r}
 l - a scroll of fog
 r - 6 scrolls of remove curse
 s - a scroll of magic mapping
 t - 4 scrolls of teleportation
 u - 2 scrolls of amnesia
 V - a scroll of brand weapon {unknown}
 W - a scroll of blinking {unknown}
 Y - a scroll of vulnerability {!r}
Potions
 b - 2 potions of berserk rage {unknown}
 e - 6 potions of curing
 f - 3 potions of flight
 g - 2 potions of lignification
 h - a potion of agility
 v - 2 potions of ambrosia
 z - a potion of heal wounds
 A - a potion of resistance
 O - a potion of magic
 U - a potion of might
Comestibles
 d - 14 rations


   Skills:
 + Level 8.9 Fighting
 + Level 8.5 Short Blades
 + Level 8.5 Long Blades
 + Level 8.5 Axes
 + Level 8.5 Maces & Flails
 + Level 8.5 Polearms
 + Level 8.5 Staves
 + Level 8.5 Slings
 + Level 8.5 Bows
 + Level 8.5 Crossbows
 + Level 8.5 Throwing
 + Level 8.5 Armour
 + Level 9.6 Dodging
 + Level 8.5 Stealth
 + Level 8.5 Shields
 + Level 10.6 Unarmed Combat
 + Level 9.8 Spellcasting
 + Level 7.0 Conjurations
 + Level 7.0 Hexes
 + Level 7.0 Charms
 + Level 7.0 Summonings
 + Level 7.0 Necromancy
 + Level 7.0 Translocations
 + Level 8.1 Transmutations
 + Level 7.0 Fire Magic
 + Level 7.0 Ice Magic
 + Level 7.0 Air Magic
 + Level 7.0 Earth Magic
 + Level 7.0 Poison Magic
 + Level 9.2 Invocations
 + Level 8.5 Evocations


You had 11 spell levels left.
You knew the following spells:

 Your Spells              Type           Power        Failure   Level  Hunger
a - Spider Form           Tmut/Pois      ######....   1%          3    None
e - Beastly Appendage     Tmut           ######       1%          1    None
h - Blade Hands           Tmut           ######....   3%          5    ###....
i - Ice Form              Ice/Tmut       ######..     1%          4    None
k - Sticks to Snakes      Tmut           ######..     1%          2    None
p - Passwall              Tmut/Erth      ######..     1%          2    None
r - Regeneration          Chrm/Necr      ######....   1%          3    None

Your spell library contained the following spells:

 Spells                   Type           Power        Failure   Level  Hunger
 Infusion                 Chrm           ####         1%          1    None
 Sandblast                Erth           ######       1%          1    None
 Shroud of Golubria       Chrm/Tloc      ######....   1%          2    None
 Song of Slaying          Chrm           ######..     1%          2    None
 Spectral Weapon          Hex/Chrm       ######..     1%          3    None
 Stone Arrow              Conj/Erth      ######       1%          3    None
 Petrify                  Tmut/Erth      ######..     1%          4    None
 Lee's Rapid Deconstruct  Erth           ######....   4%          5    ###....
 Poison Arrow             Conj/Pois      ######....   28%         6    #####..
 Chain Lightning          Conj/Air       ######....   100%        8    #######
 Lehudib's Crystal Spear  Conj/Erth      ######....   100%        8    #######
 Fire Storm               Conj/Fire      ######....   100%        9    #######
 Glaciate                 Conj/Ice       ######....   100%        9    #######


Dungeon Overview and Level Annotations

Branches:
Dungeon (9/15)             Temple (0/1) D:6            Lair (6/6) D:8
  Swamp (1/4) Lair:3        Snake (1/4) Lair:2
  Slime: Lair:5-6       Orc: D:9-12

Altars:
Cheibriados
Elyvilon
Gozag
Kikubaaqudgha
Vehumet

Annotations:
D:8 3 runed translucent doors, ventricule's ghost, novice GnHu
Lair:3 exclusion: oklob plant


Innate Abilities, Weirdness & Mutations

Your experience applies equally to all skills.
You have very sharp teeth.
Your uncanny sense of smell can sniff out nearby items.
Your natural rate of healing is unusually fast.
You are covered in fur. (AC +1)


Message History

Cheibriados thoroughly appreciates the change of pace.
You see here a ball python corpse.
You feel sick.
There is a staircase to the Snake Pit here.
Okay, then.
HP restored.
You climb downwards.
Welcome to the Snake Pit!
This branch contains the serpentine rune of Zot.
A naga sharpshooter comes into view. It is wielding a +0 glaive.
There is a staircase back to the Lair here.
Unknown command.
You feel sick.
The naga sharpshooter unwields a +0 glaive.
The naga sharpshooter wields a +0 arbalest.
The naga sharpshooter mumbles some strange words.
The naga sharpshooter magically shoots a bolt.
The bolt hits you but does no damage.
You see here a bolt.
Unknown command.
You slash the naga sharpshooter!
You bite the naga sharpshooter, but do no damage.
The naga sharpshooter is lightly wounded.
The naga sharpshooter spits poison at you.
The splash of poison misses you.
You slice the naga sharpshooter!!
The naga sharpshooter is heavily wounded.
The naga sharpshooter shoots a bolt.
The bolt closely misses you.
You slice the naga sharpshooter!! You slash the naga sharpshooter.
Your bite misses the naga sharpshooter.
The naga sharpshooter is severely wounded.
You slice the naga sharpshooter!!
You kill the naga sharpshooter!
Cheibriados appreciates the change of pace.
You feel sick.
Things that are here:
a +0 arbalest; a +0 glaive; 22 bolts You feel sick.
Found a twisted gilded ring.
You feel sick.
An anaconda comes into view.
You see here a twisted gilded ring.
You can't carry that many items.
Drop what? 52/52 slots (_ for help) (? for menu, Esc to quit)
You drop a +0 arbalest.
H - a twisted gilded ring Put on which piece of jewellery? (? for menu, Esc to quit)
You're wearing all the rings you can.
Remove which one? (? for menu, Esc to cancel) < or
N - a ring of protection from magic > or
T - a ring of positive energy You remove your ring of positive energy.
The anaconda hisses angrily.
H - a +1 ring of slaying (right scythe-like blade)
Casting: Blade Hands (quite dangerous; 26% risk of failure)
Confirm with . or Enter, or press ? or * to list all spells.
You create 2 snakes!
You now have no arrows remaining.
The anaconda closely misses your adder. The anaconda bites your adder!
The anaconda grabs your adder. The anaconda bites your adder!
Your adder dies!
Unknown command.
You swap places.
You feel sick.
You are no longer poisoned.
The anaconda grabs you. The anaconda bites you. The anaconda constricts you.
The anaconda bites you. The anaconda constricts you.
The anaconda completely misses you. The anaconda constricts you.
Unknown command.
You hit the anaconda.
The anaconda is lightly wounded.
The anaconda misses you. The anaconda constricts you.
You hit the anaconda but do no damage. Your slash misses the anaconda.
The anaconda is lightly wounded.
The anaconda misses you. The anaconda constricts you.
You barely miss the anaconda.
The anaconda is lightly wounded.
The anaconda bites you but does no damage.
The anaconda constricts you. The anaconda misses you.
The anaconda constricts you.
You slice the anaconda!! Your bite misses the anaconda.
The anaconda is heavily wounded.
Your transformation is almost over.
The anaconda bites you but does no damage.
The anaconda constricts you.
You slash the anaconda! You bite the anaconda.
The anaconda is severely wounded.
The anaconda bites you but does no damage.
The anaconda constricts you. The anaconda barely misses you.
The anaconda constricts you.
You slice the anaconda!!
You kill the anaconda!
Cheibriados thoroughly appreciates the change of pace.
Unknown command.
You see here a bolt.
You open the door. 2 nagas, a guardian serpent and 2 salamanders come into view.
A salamander is wielding a +0 trident of protection.
Your hands revert to their normal proportions.
The +4 glaive of Conflict {freeze, Fragile rN+++ Str+8 Int-2} unmelds from your body.
The +4 glaive of Conflict {freeze, Fragile rN+++ Str+8 Int-2} glows with a cold blue light!
Unknown command.
Are you sure you want to abandon this character and quit the game? (Confirm with "yes".)

#..# #..# #..#
∆ # #..# .#
#..# ''# #..#
.... #..# ...N.
#####(.##......
#.)...S@'N...S.
#.###..##...N..
#.###..# .....
#......# ...N
##...<## ...
#...(# ..
#...)# . #....#
∆ #....#


You could see 2 salamanders, a guardian serpent (sleeping), 2 nagas and a
friendly water moccasin.

Vanquished Creatures
  Snorg (Lair:4)
  2 hydras
  4 catoblepae (Lair:6)
  An anaconda (Snake:1)
  2 two-headed ogres (D:8)
  10 death yaks
  A naga sharpshooter (Snake:1)
  Sonja (Lair:4)
  A manticore (Lair:6)
  2 black mambas
  4 elephants (Lair:6)
  A centaur skeleton (D:8)
  5 spiny frogs
  3 rime drakes
  5 komodo dragons
  A polar bear (Lair:6)
  A troll (D:8)
  18 blink frogs
  A hornet (D:7)
  3 hippogriffs
  Grinder (D:4)
  10 dream sheep
  A basilisk (Lair:6)
  2 wyverns
  14 yaks
  5 vampire mosquitoes (Lair:3)
  A hungry ghost (D:6)
  5 water moccasins
  3 porcupines
  2 black bears
  A sky beast (D:8)
  An ogre (D:4)
  A phantom (D:8)
  2 centaurs (D:5)
  3 wolves (D:8)
  8 crocodiles
  A big kobold (D:8)
  3 elf zombies (Ossuary)
  7 bullfrogs
  3 scorpions
  5 wights (D:8)
  4 killer bees (D:8)
  5 electric eels
  A howler monkey (D:6)
  2 crimson imps (D:9)
  5 hounds
  2 jellies (D:6)
  A bullfrog zombie (D:5)
  4 orc priests
  Crazy Yiuf (D:6)
  3 iguanas (D:6)
  8 worker ants
  4 orc wizards
  2 hound zombies (Ossuary)
  4 mummies (Ossuary)
  4 gnolls
  11 adders
  A shadow imp (D:8)
  An adder zombie (D:6)
  A dart slug (D:4)
  2 leopard geckos
  16 orcs
  6 giant cockroaches
  4 hobgoblins
  7 jackals
  3 quokkas
  4 ball pythons
  4 frilled lizards
  6 goblins (D:4)
  2 goblin zombies (Ossuary)
  2 hobgoblin zombies (Ossuary)
  7 kobolds
  A leopard gecko skeleton (D:8)
  A leopard gecko zombie (D:5)
  An orc zombie (Ossuary)
  A rat (D:1)
  A fungus (Lair:6)
278 creatures vanquished.

Vanquished Creatures (collateral kills)
  A hydra (Lair:5)
  A manticore (Lair:6)
  An elephant (Lair:6)
  A spiny frog (Lair:5)
  A komodo dragon (Lair:6)
  A dream sheep (Lair:6)
  2 yaks
  A crocodile (Lair:3)
  2 bullfrogs
  2 killer bees (D:8)
  2 hounds (D:8)
  A jelly (D:8)
  A big kobold zombie (Ossuary)
  Robin (D:4)
  An adder skeleton (D:4)
  A leopard gecko (D:3)
  2 goblins (D:4)
  2 hobgoblins
  2 jackals
  A frilled lizard (D:4)
  A jackal zombie (Ossuary)
  A kobold (D:8)
  A rat (D:3)
30 creatures vanquished.

Vanquished Creatures (others)
  5 fungi
  4 plants
9 creatures vanquished.

Grand Total: 317 creatures vanquished

Notes
Turn   | Place    | Note
-------+----------+-------------------------------------------
     0 | D:1      | tidbits the Gnoll Transmuter began the quest for the Orb.
     0 | D:1      | Reached XP level 1. HP: 17/17 MP: 6/6
    92 | D:1      | Reached XP level 2. HP: 15/23 MP: 5/7
    97 | D:1      | Learned a level 2 spell: Sticks to Snakes
   514 | D:3      | Reached XP level 3. HP: 18/28 MP: 3/9
   520 | D:3      | Learned a level 3 spell: Spider Form
   533 | D:3      | Reached skill level 5 in Spellcasting
   543 | D:4      | Found an opulent altar of Gozag.
   550 | D:4      | Reached skill level 1 in Short Blades
   550 | D:4      | Reached skill level 1 in Long Blades
   550 | D:4      | Reached skill level 1 in Axes
   550 | D:4      | Reached skill level 1 in Maces & Flails
   550 | D:4      | Reached skill level 1 in Polearms
   550 | D:4      | Reached skill level 1 in Staves
   550 | D:4      | Reached skill level 1 in Slings
   550 | D:4      | Reached skill level 1 in Bows
   550 | D:4      | Reached skill level 1 in Crossbows
   550 | D:4      | Reached skill level 1 in Throwing
   550 | D:4      | Reached skill level 1 in Armour
   550 | D:4      | Reached skill level 1 in Stealth
   550 | D:4      | Reached skill level 1 in Shields
   550 | D:4      | Reached skill level 1 in Invocations
   550 | D:4      | Reached skill level 1 in Evocations
   550 | D:4      | Reached XP level 4. HP: 20/34 MP: 1/11
   583 | D:4      | Found a snail-covered altar of Cheibriados.
   591 | D:4      | Became a worshipper of Cheibriados the Contemplative
   614 | D:4      | Gained mutation: Your natural rate of healing is unusually
                  | fast. [potion of mutation]
   614 | D:4      | Gained mutation: You are covered in fur. (AC +1) [potion of
                  | mutation]
   664 | D:4      | Got a pair of scorched gloves
   678 | D:4      | Identified the +0 pair of gloves "Romut" {rF- MR+ Int-4
                  | Dex+7} (You found it on level 4 of the Dungeon)
   701 | D:4      | Reached skill level 1 in Conjurations
   701 | D:4      | Reached skill level 1 in Hexes
   701 | D:4      | Reached skill level 1 in Charms
   701 | D:4      | Reached skill level 1 in Summonings
   701 | D:4      | Reached skill level 1 in Necromancy
   701 | D:4      | Reached skill level 1 in Translocations
   701 | D:4      | Reached skill level 1 in Fire Magic
   701 | D:4      | Reached skill level 1 in Ice Magic
   701 | D:4      | Reached skill level 1 in Air Magic
   701 | D:4      | Reached skill level 1 in Earth Magic
   701 | D:4      | Reached skill level 1 in Poison Magic
   701 | D:4      | Reached XP level 5. HP: 40/40 MP: 6/12
   711 | D:4      | Noticed Grinder
   711 | D:4      | Noticed Robin
   718 | D:4      | Killed Grinder
   718 | D:4      | Reached * piety under Cheibriados
   718 | D:4      | Reached skill level 3 in Fighting
   718 | D:4      | Reached skill level 4 in Transmutations
   718 | D:4      | Reached skill level 2 in Invocations
   718 | D:4      | Reached XP level 6. HP: 47/47 MP: 4/14
   731 | D:4      | Reached skill level 5 in Dodging
   733 | D:4      | Killed Robin
   735 | D:4      | Reached skill level 2 in Short Blades
   735 | D:4      | Reached skill level 2 in Long Blades
   735 | D:4      | Reached skill level 2 in Axes
   735 | D:4      | Reached skill level 2 in Maces & Flails
   735 | D:4      | Reached skill level 2 in Polearms
   735 | D:4      | Reached skill level 2 in Staves
   735 | D:4      | Reached skill level 2 in Slings
   735 | D:4      | Reached skill level 2 in Bows
   735 | D:4      | Reached skill level 2 in Crossbows
   735 | D:4      | Reached skill level 2 in Throwing
   735 | D:4      | Reached skill level 2 in Armour
   735 | D:4      | Reached skill level 2 in Stealth
   735 | D:4      | Reached skill level 2 in Shields
   735 | D:4      | Reached skill level 2 in Evocations
   768 | D:4      | Found a white marble altar of Elyvilon.
   808 | D:5      | Entered Level 5 of the Dungeon
   826 | D:4      | Reached XP level 7. HP: 52/52 MP: 10/15
   871 | D:4      | Found a sand-covered staircase.
   876 | Ossuary  | Entered an ossuary
   917 | Ossuary  | HP: 9/52 [elf zombie (5)]
   919 | Ossuary  | Reached skill level 7 in Unarmed Combat
   942 | Ossuary  | Reached skill level 2 in Conjurations
   942 | Ossuary  | Reached skill level 2 in Hexes
   942 | Ossuary  | Reached skill level 2 in Charms
   942 | Ossuary  | Reached skill level 2 in Summonings
   942 | Ossuary  | Reached skill level 2 in Necromancy
   942 | Ossuary  | Reached skill level 2 in Translocations
   942 | Ossuary  | Reached skill level 2 in Fire Magic
   942 | Ossuary  | Reached skill level 2 in Ice Magic
   942 | Ossuary  | Reached skill level 2 in Air Magic
   942 | Ossuary  | Reached skill level 2 in Earth Magic
   942 | Ossuary  | Reached skill level 2 in Poison Magic
  1115 | D:4      | Learned a level 2 spell: Passwall
  1119 | D:4      | Learned a level 3 spell: Regeneration
  1130 | D:5      | Reached skill level 3 in Invocations
  1146 | D:5      | Reached ** piety under Cheibriados
  1155 | D:5      | Reached XP level 8. HP: 50/60 MP: 10/16
  1212 | D:5      | Reached skill level 4 in Fighting
  1252 | D:5      | Reached skill level 3 in Short Blades
  1252 | D:5      | Reached skill level 3 in Long Blades
  1252 | D:5      | Reached skill level 3 in Axes
  1252 | D:5      | Reached skill level 3 in Maces & Flails
  1252 | D:5      | Reached skill level 3 in Polearms
  1252 | D:5      | Reached skill level 3 in Staves
  1252 | D:5      | Reached skill level 3 in Slings
  1252 | D:5      | Reached skill level 3 in Bows
  1252 | D:5      | Reached skill level 3 in Crossbows
  1252 | D:5      | Reached skill level 3 in Throwing
  1252 | D:5      | Reached skill level 3 in Armour
  1252 | D:5      | Reached skill level 3 in Stealth
  1252 | D:5      | Reached skill level 3 in Shields
  1252 | D:5      | Reached skill level 3 in Evocations
  1404 | D:6      | Reached skill level 6 in Spellcasting
  1565 | D:6      | Reached *** piety under Cheibriados
  1579 | D:6      | Found a staircase to the Ecumenical Temple.
  1604 | D:7      | Reached skill level 3 in Conjurations
  1604 | D:7      | Reached skill level 3 in Hexes
  1604 | D:7      | Reached skill level 3 in Charms
  1604 | D:7      | Reached skill level 3 in Summonings
  1604 | D:7      | Reached skill level 3 in Necromancy
  1604 | D:7      | Reached skill level 3 in Translocations
  1604 | D:7      | Reached skill level 3 in Fire Magic
  1604 | D:7      | Reached skill level 3 in Ice Magic
  1604 | D:7      | Reached skill level 3 in Air Magic
  1604 | D:7      | Reached skill level 3 in Earth Magic
  1604 | D:7      | Reached skill level 3 in Poison Magic
  1604 | D:7      | Reached skill level 4 in Invocations
  1609 | D:7      | Reached skill level 6 in Dodging
  1609 | D:7      | Reached skill level 5 in Transmutations
  1609 | D:7      | Reached XP level 9. HP: 43/66 MP: 14/18
  1798 | D:8      | Noticed a two-headed ogre
  1815 | D:7      | Found an ancient bone altar of Kikubaaqudgha.
  1941 | D:7      | Noticed a hornet
  1948 | D:7      | Learned a level 4 spell: Ice Form
  1953 | D:7      | Killed a hornet
  1953 | D:7      | Reached skill level 4 in Short Blades
  1953 | D:7      | Reached skill level 4 in Long Blades
  1953 | D:7      | Reached skill level 4 in Axes
  1953 | D:7      | Reached skill level 4 in Maces & Flails
  1953 | D:7      | Reached skill level 4 in Polearms
  1953 | D:7      | Reached skill level 4 in Staves
  1953 | D:7      | Reached skill level 4 in Slings
  1953 | D:7      | Reached skill level 4 in Bows
  1953 | D:7      | Reached skill level 4 in Crossbows
  1953 | D:7      | Reached skill level 4 in Throwing
  1953 | D:7      | Reached skill level 4 in Armour
  1953 | D:7      | Reached skill level 4 in Stealth
  1953 | D:7      | Reached skill level 4 in Shields
  1953 | D:7      | Reached skill level 4 in Evocations
  2100 | D:6      | Found a runed translucent door.
  2101 | D:6      | Noticed Crazy Yiuf
  2108 | D:6      | Killed Crazy Yiuf
  2155 | D:8      | Found a runed translucent gate.
  2155 | D:8      | Found a runed translucent gate.
  2168 | D:8      | Killed a two-headed ogre
  2168 | D:8      | Reached skill level 5 in Fighting
  2168 | D:8      | Reached skill level 8 in Unarmed Combat
  2171 | D:8      | Reached **** piety under Cheibriados
  2171 | D:8      | Reached skill level 5 in Invocations
  2179 | D:8      | Learned a level 5 spell: Blade Hands
  2182 | D:8      | Found a runed translucent gate.
  2183 | D:8      | Noticed ventricule's ghost (novice GnHu)
  2228 | D:8      | Reached XP level 10. HP: 73/74 MP: 12/20
  2233 | D:8      | Noticed a two-headed ogre
  2256 | D:8      | Killed a two-headed ogre
  2256 | D:8      | Reached skill level 7 in Spellcasting
  2256 | D:8      | Reached skill level 4 in Conjurations
  2256 | D:8      | Reached skill level 4 in Hexes
  2256 | D:8      | Reached skill level 4 in Charms
  2256 | D:8      | Reached skill level 4 in Summonings
  2256 | D:8      | Reached skill level 4 in Necromancy
  2256 | D:8      | Reached skill level 4 in Translocations
  2256 | D:8      | Reached skill level 4 in Fire Magic
  2256 | D:8      | Reached skill level 4 in Ice Magic
  2256 | D:8      | Reached skill level 4 in Air Magic
  2256 | D:8      | Reached skill level 4 in Earth Magic
  2256 | D:8      | Reached skill level 4 in Poison Magic
  2258 | D:8      | Reached skill level 5 in Short Blades
  2258 | D:8      | Reached skill level 5 in Long Blades
  2258 | D:8      | Reached skill level 5 in Axes
  2258 | D:8      | Reached skill level 5 in Maces & Flails
  2258 | D:8      | Reached skill level 5 in Polearms
  2258 | D:8      | Reached skill level 5 in Staves
  2258 | D:8      | Reached skill level 5 in Slings
  2258 | D:8      | Reached skill level 5 in Bows
  2258 | D:8      | Reached skill level 5 in Crossbows
  2258 | D:8      | Reached skill level 5 in Throwing
  2258 | D:8      | Reached skill level 5 in Armour
  2258 | D:8      | Reached skill level 5 in Stealth
  2258 | D:8      | Reached skill level 5 in Shields
  2258 | D:8      | Reached skill level 5 in Evocations
  2280 | D:8      | Reached skill level 7 in Dodging
  2352 | D:9      | Reached ***** piety under Cheibriados
  2379 | D:8      | Found a staircase to the Lair.
  2394 | D:8      | Reached skill level 6 in Fighting
  2451 | Lair:1   | Entered Level 1 of the Lair of Beasts
  2513 | Lair:2   | Reached skill level 6 in Transmutations
  2513 | Lair:2   | Reached skill level 6 in Invocations
  2557 | Lair:3   | Noticed an oklob plant
  2557 | Lair:3   | Noticed a spiny frog
  2563 | Lair:2   | Killed a spiny frog
  2610 | Lair:2   | Noticed a spiny frog
  2692 | Lair:2   | Reached XP level 11. HP: 82/82 MP: 16/22
  2709 | Lair:3   | Noticed a death yak
  2749 | Lair:3   | Found a staircase to the Swamp.
  2768 | Lair:3   | Reached skill level 9 in Unarmed Combat
  2770 | Lair:3   | Reached skill level 6 in Short Blades
  2770 | Lair:3   | Reached skill level 6 in Long Blades
  2770 | Lair:3   | Reached skill level 6 in Axes
  2770 | Lair:3   | Reached skill level 6 in Maces & Flails
  2770 | Lair:3   | Reached skill level 6 in Polearms
  2770 | Lair:3   | Reached skill level 6 in Staves
  2770 | Lair:3   | Reached skill level 6 in Slings
  2770 | Lair:3   | Reached skill level 6 in Bows
  2770 | Lair:3   | Reached skill level 6 in Crossbows
  2770 | Lair:3   | Reached skill level 6 in Throwing
  2770 | Lair:3   | Reached skill level 6 in Armour
  2770 | Lair:3   | Reached skill level 6 in Stealth
  2770 | Lair:3   | Reached skill level 6 in Shields
  2770 | Lair:3   | Reached skill level 6 in Evocations
  2777 | Swamp:1  | Entered Level 1 of the Swamp
  2777 | Swamp:1  | Noticed a spriggan rider
  2807 | Lair:3   | Noticed a death yak
  2812 | Lair:3   | Reached skill level 5 in Conjurations
  2812 | Lair:3   | Reached skill level 5 in Hexes
  2812 | Lair:3   | Reached skill level 5 in Charms
  2812 | Lair:3   | Reached skill level 5 in Summonings
  2812 | Lair:3   | Reached skill level 5 in Necromancy
  2812 | Lair:3   | Reached skill level 5 in Translocations
  2812 | Lair:3   | Reached skill level 5 in Fire Magic
  2812 | Lair:3   | Reached skill level 5 in Ice Magic
  2812 | Lair:3   | Reached skill level 5 in Air Magic
  2812 | Lair:3   | Reached skill level 5 in Earth Magic
  2812 | Lair:3   | Reached skill level 5 in Poison Magic
  2821 | Lair:3   | Noticed a death yak
  2821 | Lair:3   | Noticed a death yak
  2822 | Lair:3   | Noticed a death yak
  2832 | Lair:3   | Killed a death yak
  2832 | Lair:3   | Reached skill level 8 in Spellcasting
  2836 | Lair:3   | Killed a death yak
  2839 | Lair:3   | Killed a death yak
  2840 | Lair:3   | HP: 5/83 [death yak (24)]
  2849 | Lair:3   | Killed a death yak
  2849 | Lair:3   | Reached skill level 7 in Invocations
  2850 | Lair:3   | Reached skill level 7 in Fighting
  2850 | Lair:3   | Reached skill level 8 in Dodging
  2855 | Lair:3   | Killed a death yak
  2916 | Lair:3   | Got fine acid dragon scales
  2929 | Lair:3   | Identified the cursed +1 acid dragon scales of the Elven
                  | Halls {rElec rCorr Str+4} (You found it on level 3 of the
                  | Lair of Beasts)
  2996 | Lair:4   | Noticed Snorg
  3003 | Lair:4   | Killed Snorg
  3003 | Lair:4   | Reached XP level 12. HP: 91/91 MP: 15/24
  3038 | Lair:4   | Noticed Sonja
  3045 | Lair:4   | Killed Sonja
  3045 | Lair:4   | Reached skill level 7 in Transmutations
  3086 | Lair:4   | Reached skill level 7 in Short Blades
  3086 | Lair:4   | Reached skill level 7 in Long Blades
  3086 | Lair:4   | Reached skill level 7 in Axes
  3086 | Lair:4   | Reached skill level 7 in Maces & Flails
  3086 | Lair:4   | Reached skill level 7 in Polearms
  3086 | Lair:4   | Reached skill level 7 in Staves
  3086 | Lair:4   | Reached skill level 7 in Slings
  3086 | Lair:4   | Reached skill level 7 in Bows
  3086 | Lair:4   | Reached skill level 7 in Crossbows
  3086 | Lair:4   | Reached skill level 7 in Throwing
  3086 | Lair:4   | Reached skill level 7 in Armour
  3086 | Lair:4   | Reached skill level 7 in Stealth
  3086 | Lair:4   | Reached skill level 7 in Shields
  3086 | Lair:4   | Reached skill level 7 in Evocations
  3254 | Lair:4   | Reached skill level 6 in Conjurations
  3254 | Lair:4   | Reached skill level 6 in Hexes
  3254 | Lair:4   | Reached skill level 6 in Charms
  3254 | Lair:4   | Reached skill level 6 in Summonings
  3254 | Lair:4   | Reached skill level 6 in Necromancy
  3254 | Lair:4   | Reached skill level 6 in Translocations
  3254 | Lair:4   | Reached skill level 6 in Fire Magic
  3254 | Lair:4   | Reached skill level 6 in Ice Magic
  3254 | Lair:4   | Reached skill level 6 in Air Magic
  3254 | Lair:4   | Reached skill level 6 in Earth Magic
  3254 | Lair:4   | Reached skill level 6 in Poison Magic
  3350 | Lair:5   | Reached skill level 8 in Invocations
  3357 | Lair:5   | Reached skill level 9 in Spellcasting
  3376 | Lair:5   | Noticed a five-headed hydra
  3387 | Lair:5   | Killed a five-headed hydra
  3423 | Lair:5   | Noticed a seven-headed hydra
  3430 | Lair:5   | Got a brightly glowing glaive
  3431 | Lair:5   | Killed a seven-headed hydra
  3431 | Lair:5   | Reached skill level 8 in Fighting
  3431 | Lair:5   | Reached skill level 10 in Unarmed Combat
  3460 | Lair:6   | Entered Level 6 of the Lair of Beasts
  3460 | Lair:6   | Noticed a catoblepas
  3465 | Lair:6   | Noticed a four-headed hydra
  3471 | Lair:6   | Killed a catoblepas
  3489 | Lair:6   | Killed a four-headed hydra
  3489 | Lair:6   | Reached skill level 9 in Dodging
  3510 | Lair:6   | Got a crystal great sword
  3519 | Lair:6   | Reached XP level 13. HP: 98/98 MP: 26/26
  3605 | Lair:6   | Reached skill level 8 in Short Blades
  3605 | Lair:6   | Reached skill level 8 in Long Blades
  3605 | Lair:6   | Reached skill level 8 in Axes
  3605 | Lair:6   | Reached skill level 8 in Maces & Flails
  3605 | Lair:6   | Reached skill level 8 in Polearms
  3605 | Lair:6   | Reached skill level 8 in Staves
  3605 | Lair:6   | Reached skill level 8 in Slings
  3605 | Lair:6   | Reached skill level 8 in Bows
  3605 | Lair:6   | Reached skill level 8 in Crossbows
  3605 | Lair:6   | Reached skill level 8 in Throwing
  3605 | Lair:6   | Reached skill level 8 in Armour
  3605 | Lair:6   | Reached skill level 8 in Stealth
  3605 | Lair:6   | Reached skill level 8 in Shields
  3605 | Lair:6   | Reached skill level 8 in Evocations
  3618 | Lair:6   | Identified the +5 great sword of Tooxtizia {slice, Dex+4}
                  | (You found it on level 6 of the Lair of Beasts)
  3619 | Lair:6   | Identified the +4 glaive of Conflict {freeze, Fragile rN+++
                  | Str+8 Int-2} (You found it on level 5 of the Lair of
                  | Beasts)
  3749 | Lair:6   | Reached skill level 9 in Invocations
  3805 | Lair:6   | Reached skill level 8 in Transmutations
  3849 | Lair:6   | Reached skill level 7 in Conjurations
  3849 | Lair:6   | Reached skill level 7 in Hexes
  3849 | Lair:6   | Reached skill level 7 in Charms
  3849 | Lair:6   | Reached skill level 7 in Summonings
  3849 | Lair:6   | Reached skill level 7 in Necromancy
  3849 | Lair:6   | Reached skill level 7 in Translocations
  3849 | Lair:6   | Reached skill level 7 in Fire Magic
  3849 | Lair:6   | Reached skill level 7 in Ice Magic
  3849 | Lair:6   | Reached skill level 7 in Air Magic
  3849 | Lair:6   | Reached skill level 7 in Earth Magic
  3849 | Lair:6   | Reached skill level 7 in Poison Magic
  4004 | Lair:3   | Found a radiant altar of Vehumet.
  4099 | Lair:2   | Found a staircase to the Snake Pit.
  4109 | Snake:1  | Entered Level 1 of the Snake Pit
  4139 | Snake:1  | Quit the game

Skill      XL: |  1  2  3  4  5  6  7  8  9 10 11 12 13 |
---------------+----------------------------------------+-----
Spellcasting   | 5 6 7 8 9 |  9.8
Short Blades   | 1 2 3 4 5 6 7 8 |  8.5
Long Blades    | 1 2 3 4 5 6 7 8 |  8.5
Axes           | 1 2 3 4 5 6 7 8 |  8.5
Maces & Flails | 1 2 3 4 5 6 7 8 |  8.5
Polearms       | 1 2 3 4 5 6 7 8 |  8.5
Staves         | 1 2 3 4 5 6 7 8 |  8.5
Slings         | 1 2 3 4 5 6 7 8 |  8.5
Bows           | 1 2 3 4 5 6 7 8 |  8.5
Crossbows      | 1 2 3 4 5 6 7 8 |  8.5
Throwing       | 1 2 3 4 5 6 7 8 |  8.5
Armour         | 1 2 3 4 5 6 7 8 |  8.5
Stealth        | 1 2 3 4 5 6 7 8 |  8.5
Shields        | 1 2 3 4 5 6 7 8 |  8.5
Invocations    | 1 2 3 4 5 6 7 8 9 |  9.2
Evocations     | 1 2 3 4 5 6 7 8 |  8.5
Conjurations   | 1 2 3 4 5 6 7 |  7.0
Hexes          | 1 2 3 4 5 6 7 |  7.0
Charms         | 1 2 3 4 5 6 7 |  7.0
Summonings     | 1 2 3 4 5 6 7 |  7.0
Necromancy     | 1 2 3 4 5 6 7 |  7.0
Translocations | 1 2 3 4 5 6 7 |  7.0
Fire Magic     | 1 2 3 4 5 6 7 |  7.0
Ice Magic      | 1 2 3 4 5 6 7 |  7.0
Air Magic      | 1 2 3 4 5 6 7 |  7.0
Earth Magic    | 1 2 3 4 5 6 7 |  7.0
Poison Magic   | 1 2 3 4 5 6 7 |  7.0
Fighting       | 3 4 5 6 7 8 |  8.9
Transmutations | 4 5 6 7 8 |  8.1
Dodging        | 5 6 7 8 9 |  9.6
Unarmed Combat | 7 8 9 10 | 10.6

Action                   |  1- 3 |  4- 6 |  7- 9 | 10-12 | 13-15 || total
-------------------------+-------+-------+-------+-------+-------++-------
Melee: Unarmed           |    42 |    50 |   222 |   219 |   120 ||   653
       Kick              |     4 |       |    12 |       |       ||    16
       Bite              |     2 |     1 |     2 |    32 |    26 ||    63
       Headbutt          |     3 |       |       |       |       ||     3
       Punch             |     1 |       |     3 |    11 |    10 ||    25
       Glaive            |       |       |       |       |     1 ||     1
Throw: Javelin           |     1 |       |       |       |       ||     1
 Cast: Beastly Appendage |    10 |       |     2 |       |       ||    12
       Sticks to Snakes  |     2 |     5 |    17 |    21 |    16 ||    61
       Spider Form       |     1 |     7 |    24 |       |       ||    32
       Passwall          |       |       |    14 |       |       ||    14
       Ice Form          |       |       |     5 |     4 |       ||     9
       Blade Hands       |       |       |       |    30 |    12 ||    42
       Regeneration      |       |       |       |     7 |     3 ||    10
Invok: Slouch            |       |       |       |     4 |     2 ||     6
 Abil: End Transformatio |       |       |       |     3 |       ||     3
Evoke: Wand              |       |       |     4 |    13 |     1 ||    18
  Use: Scroll            |       |     4 |     8 |     8 |     4 ||    24
       Potion            |       |     3 |     4 |     1 |       ||     8
 Stab: Sleeping          |       |     1 |     6 |     4 |     2 ||    13
       Distracted        |       |       |     3 |     2 |     2 ||     7
       Paralysed         |       |       |       |     2 |       ||     2
  Eat: Ration            |     1 |       |     1 |     2 |       ||     4
       Chunk             |       |       |     2 |     2 |       ||     4
Armor: Robe              |     2 |     1 |    12 |    10 |       ||    25
       Skin              |       |    35 |    13 |     8 |       ||    56
       Troll leather arm |       |       |       |    21 |    18 ||    39
       Acid dragon scale |       |       |       |     4 |       ||     4
Dodge: Dodged            |    20 |    31 |   214 |   193 |    74 ||   532

Table legend:
 A = Turns spent in this place as a percentage of turns spent in the entire game.
 B = Non-inter-level travel turns spent in this place as a percentage of non-inter-level travel turns spent in the entire game.
 C = Inter-level travel turns spent in this place as a percentage of turns spent in this place.
 D = Turns resting spent in this place as a percentage of non-inter-level travel turns spent in this place.
 E = Turns spent auto-exploring this place as a percentage of non-inter-level travel turns spent in this place.
 F = Non-inter-level travel turns spent in this place divided by the number of levels of this place that you've seen.
                   A       B       C       D       E      F
               +-------+-------+-------+-------+-------+----------------------
         Total | 100.0 | 100.0 |   1.4 |   0.0 |   0.0 | 226.8
       Dungeon |  53.8 |  54.3 |   0.4 |   0.0 |   0.0 | 246.4
          Lair |  40.0 |  39.4 |   2.8 |   0.0 |   0.0 | 268.3
         Swamp |   0.0 |   0.0 |   0.0 |   0.0 |   0.0 |   2.0
     Snake Pit |   0.7 |   0.7 |   0.0 |   0.0 |   0.0 |  30.0
       Ossuary |   5.4 |   5.5 |   0.0 |   0.0 |   0.0 | 223.0
               +-------+-------+-------+-------+-------+----------------------

Table legend:
 A = Kills in this place as a percentage of kills in entire the game.
 B = Kills by you in this place as a percentage of kills by you in the entire game.
 C = Kills by friends in this place as a percentage of kills by friends in the entire game.
 D = Other kills in this place as a percentage of other kills in the entire game.
 E = Experience gained in this place as a percentage of experience gained in the entire game.
 F = Experience gained in this place divided by the number of levels of this place that you have seen.
                   A       B       C       D       E      F
               +-------+-------+-------+-------+-------+----------------------
         Total | 100.0 | 100.0 | 100.0 |   N/A | 100.0 | 2778.3
       Dungeon |  51.1 |  50.2 |  60.0 |   N/A |  14.5 | 806.3
          Lair |  43.0 |  44.0 |  33.3 |   N/A |  81.2 | 6765.7
     Snake Pit |   0.7 |   0.7 |   0.0 |   N/A |   3.5 | 1770.0
       Ossuary |   5.2 |   5.1 |   6.7 |   N/A |   0.8 | 388.0
               +-------+-------+-------+-------+-------+----------------------

Levels and vault maps discovered:
D:1:      matt_arrival_grand_opening, layout_rooms, serial_forest,
          infiniplex_forest_clump_medium, infiniplex_forest_straight_2,
          infiniplex_forest_clump_long, infiniplex_forest_clump_small,
          infiniplex_forest_straight_4, infiniplex_forest_clump_large,
          minmay_tromino_v2
D:2:      layout_basic
D:3:      layout_basic, zin_statuary, gammafunk_temple_overflow_statue,
          minmay_door_square
D:4:      layout_rooms, kennysheep_slug_shrine,
          nicolae_gozag_cash_rules_everything_around_me, old_standard_altar,
          nicolae_ossuary_entry_ruins, chequers_serial_rivers_micro_e,
          uniq_robin, uniq_grinder
D:5:      layout_rooms, first_ration, grunt_ministairs_6
D:6:      layout_cave_pools, minmay_temple_entry_purple_smoke, serial_bayou,
          serial_bayou_lagoon_a, serial_bayou_crossing, serial_bayou_pond_d,
          serial_bayou_lagoon_b, uniq_crazy_yiuf_cottage
D:7:      layout_layer_cave, lemuel_round_altar
D:8:      layout_cave_pools, tgw_sif, kennysheep_little_box, erik_lair_island,
          gammafunk_ghost_ooze
D:9:      layout_roguey, kennysheep_orc_monster_closet_entryway
Lair:1:   beast_lair_carwin_large_3, layout_regular_city, minivault_27,
          eino_small_chamber_without_monster, infiniplex_staircase_pool
Lair:2:   layout_hall_layers, minmay_snake_entry_six_corridors,
          chequers_serial_rivers_small_3
Lair:3:   layout_regular_city, minmay_swamp_entry_swarm, basic_altar,
          st_stairs_5, nicolae_quartered_pool_little, minmay_lair_oklob_bushes,
          lemuel_fruit_tree, serial_bayou_shore_a
Lair:4:   layout_misc_corridors, serial_bayou_shore_b, grunt_megastairs_2,
          uniq_sonja, uniq_snorg
Lair:5:   layout_layer_cave, minmay_holes, st_stairs_13, lemuel_fruit_fields,
          infiniplex_staircase_pool_2
Lair:6:   evilmike_catoblepas_cave, layout_hall_layers,
          minmay_slime_entry_oklob_enclosed
Swamp:1:  layout_basic_swamp, hangedman_swamp_cone, swamp_pool1
Snake:1:  layout_gridlike, basic_altar, nicolae_snake_horde_hoard,
          minmay_shop_grove, uniq_nikola
Ossuary:  ossuary_minmay_tomb_2a
